 Dungeon Crawl Stone Soup version 0.24-a0-443-g80245de385 (webtiles) character file.

Game seed: 12367996209207321634

14293 theanonym the Martial Artist (level 11, -1/94 HPs)
             Began as a White Draconian Transmuter on June 22, 2019.
             Was a High Priest of Cheibriados.
             Slain by a catoblepas (20 damage)
             ... on level 2 of the Lair of Beasts.
             The game lasted 00:28:38 (13208 turns).

theanonym the Martial Artist (DrTm)                Turns: 13208, Time: 00:28:38

Health: -1/94      AC:  7    Str: 26    XL:     11   Next: 86%
Magic:  11/18      EV: 17    Int: 30    God:    Cheibriados [*****.]
Gold:   352        SH:  0    Dex: 27    Spells: 9/20 levels left

rFire    . . .     SeeInvis .     - Unarmed
rCold    + . .     Gourm    .   (shield currently unavailable)
rNeg     . . .     Faith    .   (armour unavailable)
rPois    .         Spirit   .   (helmet restricted)
rElec    .         Reflect  .   (no cloak)
rCorr    .         Harm     .   (gloves currently unavailable)
MR       .....                  (no boots)
Stlth    ++........             (no amulet)
HPRegen  0.25/turn              u - +3 ring of evasion
MPRegen  0.16/turn              (no ring)

@: blade hands, very slow
A: breathe frost, unfitting armour, cold resistance 1, cold-blooded, AC +7
a: Breathe Frost, End Transformation, Bend Time, Temporal Distortion, Slouch,
Step From Time, Renounce Religion


Innate Abilities, Weirdness & Mutations

You can breathe waves of freezing cold.
You can buffet flying creatures when you breathe cold.
Your icy white scales are hard. (AC +7)
You cannot fit into any form of body armour.
Your flesh is cold resistant. (rC+)
You are cold-blooded and may be slowed by cold attacks.


   Skills:
 + Level 8.2 Fighting
 + Level 3.0 Dodging
 * Level 13.1 Unarmed Combat
 - Level 5.0 Spellcasting
 + Level 9.6 Transmutations
 - Level 6.0 Ice Magic


You had 9 spell levels left.
You knew the following spells:

 Your Spells              Type           Power        Failure   Level  Hunger
a - Blade Hands           Tmut           ######....   26%         5    #####..
b - Ice Form              Ice/Tmut       ######..     22%         4    ###....
c - Sticks to Snakes      Tmut           ######..     9%          2    None

Your spell library contained the following spells:

 Spells                   Type           Power        Failure   Level  Hunger
 Beastly Appendage        Tmut           ######       7%          1    None
 Spider Form              Tmut/Pois      #####.....   24%         3    None
 Flame Tongue             Conj/Fire      #....        36%         1    None
 Shock                    Conj/Air       #...         36%         1    None
 Sting                    Conj/Pois      #...         36%         1    None
 Poisonous Vapours        Pois/Air       #.....       43%         2    None
 Swiftness                Chrm/Air       #.......     43%         2    None
 Throw Flame              Conj/Fire      #.....       43%         2    None
 Conjure Flame            Conj/Fire      #.......     58%         3    None
 Inner Flame              Hex/Fire       #.......     58%         3    None
 Mephitic Cloud           Conj/Pois/Air  #.......     58%         3    None
 Static Discharge         Conj/Air       #.......     58%         3    None
 Yara's Violent Unravell  Hex/Tmut       #####.....   65%         5    #####..
 Metabolic Englaciation   Hex/Ice        ####......   83%         5    #####..
 Airstrike                Air            #.........   87%         4    ###....
 Cause Fear               Hex            #.........   87%         4    ###....
 Olgreb's Toxic Radiance  Pois           #.......     87%         4    ###....
 Sticky Flame             Conj/Fire      #.......     87%         4    ###....
 Ozocubu's Refrigeration  Ice            #####.....   91%         6    ######.
 Fireball                 Conj/Fire      #.........   99%         5    #####..
 Lightning Bolt           Conj/Air       #.........   99%         5    #####..
 Silence                  Hex/Air        #.........   99%         5    #####..
 Venom Bolt               Conj/Pois      #.........   99%         5    #####..
 Bolt of Cold             Conj/Ice       ####......   99%         6    ######.
 Simulacrum               Ice/Necr       ####......   99%         6    ######.
 Deflect Missiles         Chrm/Air       #.........   100%        6    ######.
 Freezing Cloud           Conj/Ice/Air   ###.......   100%        6    ######.
 Discord                  Hex            #.........   100%        8    #######

Skill      XL: |  1  2  3  4  5  6  7  8  9 10 11 |
---------------+----------------------------------+-----
Unarmed Combat | 4 5 6 7 8 10 11 13 | 13.1
Transmutations | 3 4 5 6 7 8 9 |  9.6
Spellcasting   | 3 5 |  5.0
Ice Magic      | 3 5 6 |  6.0
Fighting       | 4 6 8 |  8.2
Dodging        | 3 |  3.0

Action                   |  1- 3 |  4- 6 |  7- 9 | 10-12 || total
-------------------------+-------+-------+-------+-------++-------
Melee: Unarmed           |    86 |   117 |   475 |   267 ||   945
       Tailslap          |     5 |    14 |    51 |    44 ||   114
       Kick              |     3 |    13 |    13 |       ||    29
       Headbutt          |     1 |     7 |    17 |       ||    25
       Punch             |       |     2 |    22 |    22 ||    46
 Cast: Beastly Appendage |     5 |    10 |    28 |       ||    43
       Sticks to Snakes  |     1 |     5 |     7 |    11 ||    24
       Ice Form          |       |       |     5 |     1 ||     6
       Blade Hands       |       |       |    11 |    34 ||    45
Invok: Bend Time         |       |       |     1 |       ||     1
 Abil: Breathe Frost     |       |       |     3 |     6 ||     9
Evoke: Wand              |       |       |     1 |     7 ||     8
  Use: Scroll            |       |     5 |    17 |     6 ||    28
       Potion            |       |     1 |     4 |     4 ||     9
 Stab: Sleeping          |     1 |     1 |     1 |     1 ||     4
       Distracted        |       |       |     3 |       ||     3
  Eat: Ration            |       |     2 |     5 |     2 ||     9
       Chunk             |       |     1 |     7 |    13 ||    21
Armor: Skin              |    24 |   114 |   116 |    73 ||   327
Dodge: Dodged            |    52 |   201 |   296 |   185 ||   734

Inventory:

Hand Weapons
 m - the +6 broad axe of Compassion {chop, +Blink rPois Str+4}

   It inflicts extra damage upon your enemies.
   It affects your strength (+4).
   It protects you from poison.
   It lets you blink.
Missiles
 a - 50 arrows
 h - 4 throwing nets (quivered)
Jewellery
 u - a +3 ring of evasion (left scythe-like blade)
Wands
 c - a wand of disintegration (22)
 d - a wand of digging (14)
 o - a wand of iceblast (8)
 p - a wand of enslavement (6)
 v - a wand of acid (6)
 y - a wand of paralysis (3)
Scrolls
 b - 3 scrolls of amnesia
 f - a scroll of fog
 n - 6 scrolls of remove curse
 r - 3 scrolls of identify
 t - 4 scrolls of teleportation
 x - a scroll of enchant armour
 B - 3 scrolls of blinking
Potions
 i - a potion of might {unknown}
 j - 2 potions of agility
 k - 4 potions of flight
 l - 2 potions of mutation
 q - a potion of heal wounds
 s - 3 potions of brilliance
 w - 5 potions of curing
Comestibles
 e - 23 rations


You were on level 2 of the Lair of Beasts.
You worshipped Cheibriados.
Cheibriados was extremely pleased with you.
You were not hungry.
You had blades for hands.
You visited 3 branches of the dungeon, and saw 13 of its levels.

You collected 897 gold pieces.
You spent 545 gold pieces at shops.

Dungeon Overview and Level Annotations

Branches:
Dungeon (10/15)            Temple (1/1) D:5            Lair (2/6) D:8
  Swamp: Lair:2-4    Shoals: Lair:2-4     Snake: Lair:2-4    Spider: Lair:2-4
    Orc: D:9-12

Altars:
Ashenzari
Cheibriados
Dithmenos
Elyvilon
Fedhas
Gozag
Hepliaklqana
Kikubaaqudgha
Makhleb
Nemelex Xobeh
Okawaru
Qazlal
Ru
Sif Muna
Trog
Uskayaw
Vehumet
Wu Jian
Xom
Yredelemnul
Zin
The Shining One
Lugonu

Shops:
D:7 *

Annotations:
D:8 1 runed translucent door, Scuka's ghost, novice DrFE

........... ..
#.......... ...#
#..........
..<.##..........
...#.#........
#...........
.....#....#..P.#
..............Y.+ ..
#.....PP...#..@.#..$.
......P..............#
P^.........#..###.....
P....................#
......................
...#+#................
........##.###P#......
.........### ##.....
........## ....


You could see a catoblepas.

Notes
Turn   | Place    | Note
-------+----------+-------------------------------------------
     0 | D:1      | theanonym the Draconian Transmuter began the quest for the
                  | Orb.
     0 | D:1      | Reached XP level 1. HP: 16/16 MP: 3/3
   144 | D:1      | Reached XP level 2. HP: 20/23 MP: 5/5
   158 | D:1      | Learned a level 2 spell: Sticks to Snakes
   547 | D:2      | Noticed Sigmund
   595 | D:2      | Noticed Jessica
   599 | D:2      | HP: 8/23 [Jessica/nerve-wracking pain (10)]
   601 | D:2      | HP: 1/23 [Jessica/+0 club (4)]
   602 | D:2      | Killed Jessica
   602 | D:2      | Reached XP level 3. HP: 1/28 MP: 4/6
   907 | D:2      | Reached skill level 4 in Unarmed Combat
   989 | D:2      | Noticed Natasha
  1005 | D:2      | HP: 13/28 [shadow imp[Natasha] (4)]
  1007 | D:2      | Killed Natasha
  1007 | D:2      | Reached XP level 4. HP: 12/35 MP: 2/8
  1027 | D:2      | Noticed Natasha
  1027 | D:2      | HP: 11/35 [Natasha/magic dart (3)]
  1248 | D:2      | Killed Natasha
  1357 | D:2      | Reached skill level 3 in Transmutations
  1698 | D:2      | Noticed Natasha
  1705 | D:2      | Killed Natasha
  1705 | D:2      | Reached skill level 3 in Spellcasting
  1705 | D:2      | Reached XP level 5. HP: 25/40 MP: 5/9
  1714 | D:2      | Learned a level 4 spell: Ice Form
  1855 | D:2      | Found a radiant altar of Vehumet.
  2008 | D:2      | Found an ancient bone altar of Kikubaaqudgha.
  2033 | D:2      | Reached skill level 5 in Unarmed Combat
  2034 | D:2      | HP: 20/40 [bat skeleton (1)]
  2058 | D:2      | HP: 19/40 [vampire bat (2)]
  2064 | D:2      | Reached XP level 6. HP: 22/47 MP: 8/10
  2521 | D:2      | Killed Sigmund
  2521 | D:2      | Reached skill level 6 in Unarmed Combat
  2521 | D:2      | Reached skill level 4 in Transmutations
  2624 | D:3      | Noticed an ice beast
  2642 | D:3      | HP: 16/47 [ice beast (13)]
  2644 | D:3      | Killed an ice beast
  2644 | D:3      | Your scales start taking on an icy white colour.
  2644 | D:3      | Reached XP level 7. HP: 18/52 MP: 11/11
  2644 | D:3      | Gained mutation: Your flesh is cold resistant. (rC+) [White
                  | Draconian growth]
  2647 | D:3      | HP: 12/52 [hobgoblin/cursed -1 club (3)]
  2901 | D:3      | Found a faded altar of an unknown god.
  3079 | D:3      | HP: 24/52 [worker ant (4)]
  3256 | D:3      | Reached skill level 1 in Ice Magic
  3341 | D:3      | HP: 22/52 [orc priest/divine providence (12)]
  3354 | D:3      | HP: 8/52 [orc priest/divine providence (12)]
  3629 | D:3      | HP: 20/52 [orc priest/divine providence (15)]
  3630 | D:3      | HP: 8/52 [orc priest/nerve-wracking pain (12)]
  3893 | D:4      | HP: 24/52 [orc priest/cursed -2 dagger (3)]
  3922 | D:4      | Reached skill level 2 in Ice Magic
  4127 | D:4      | Found a sacrificial altar of Ru.
  4559 | D:4      | Reached skill level 7 in Unarmed Combat
  4741 | D:4      | Reached skill level 3 in Ice Magic
  4885 | D:4      | Learned a level 5 spell: Blade Hands
  4944 | D:4      | HP: 26/52 [worker ant (3)]
  4947 | D:4      | HP: 10/62 [hound (3)]
  5290 | D:4      | Found a glowing silver altar of Zin.
  5290 | D:4      | Found Zin's Purification Station.
  5299 | D:4      | Bought a potion of curing for 90 gold pieces
  5571 | D:5      | Entered Level 5 of the Dungeon
  5616 | D:5      | Identified the +6 broad axe of Compassion {chop, +Blink
                  | rPois Str+4} (You found it on level 5 of the Dungeon)
  5775 | D:5      | Reached skill level 5 in Transmutations
  5776 | D:5      | HP: 26/52 [orc priest/nerve-wracking pain (10)]
  6089 | D:5      | Reached XP level 8. HP: 58/59 MP: 10/12
  6108 | D:5      | Reached skill level 4 in Ice Magic
  6248 | D:5      | Found a staircase to the Ecumenical Temple.
  6262 | Temple   | Entered the Ecumenical Temple
  6306 | Temple   | Became a worshipper of Cheibriados the Contemplative
  6685 | D:5      | Reached skill level 5 in Ice Magic
  6870 | D:6      | Reached skill level 8 in Unarmed Combat
  7018 | D:6      | Found a shadowy altar of Dithmenos.
  7036 | D:6      | Noticed a cyclops
  7036 | D:6      | HP: 27/59 [cyclops/large rock (22)]
  7042 | D:6      | HP: 20/59 [bullfrog (5)]
  7049 | D:6      | HP: 13/59 [bullfrog (4)]
  7059 | D:6      | HP: 23/70 [cyclops (21)]
  7064 | D:6      | Killed a cyclops
  7064 | D:6      | Reached skill level 6 in Transmutations
  7064 | D:6      | Reached XP level 9. HP: 32/64 MP: 6/14
  7194 | D:6      | Reached skill level 6 in Ice Magic
  7657 | D:7      | Reached skill level 4 in Spellcasting
  7665 | D:7      | Reached * piety under Cheibriados
  7771 | D:7      | Reached skill level 9 in Unarmed Combat
  8011 | D:7      | Found a stormy altar of Qazlal.
  8064 | D:7      | Reached skill level 2 in Fighting
  8102 | D:7      | Noticed Pikel
  8108 | D:7      | Killed Pikel
  8142 | D:7      | Reached ** piety under Cheibriados
  8144 | D:7      | Reached skill level 3 in Fighting
  8356 | D:7      | Found a blossoming altar of Fedhas.
  8413 | D:7      | Identified the +9 war axe of Ycobyefad {flame, MR- Dex+5}
                  | (You found it on level 7 of the Dungeon)
  8455 | D:7      | Found an opulent altar of Gozag.
  8493 | D:7      | Found Yplonuof's Assorted Antiques.
  8502 | D:7      | Bought a papyrus book for 345 gold pieces
  8502 | D:7      | Bought a scroll of teleportation for 69 gold pieces
  8502 | D:7      | Bought 2 glowing dark potions for 41 gold pieces
  8821 | D:7      | Reached skill level 7 in Transmutations
  8824 | D:7      | Reached skill level 10 in Unarmed Combat
  8824 | D:7      | Reached skill level 5 in Spellcasting
  8840 | D:7      | Reached skill level 4 in Fighting
  8847 | D:7      | Reached *** piety under Cheibriados
  8898 | D:8      | Reached XP level 10. HP: 73/78 MP: 17/17
  9076 | D:8      | Noticed Prince Ribbit
  9091 | D:8      | Killed Prince Ribbit
  9101 | D:8      | Noticed a five-headed hydra
  9116 | D:8      | Killed a five-headed hydra
  9116 | D:8      | Reached skill level 5 in Fighting
  9134 | D:8      | HP: 58/121 [yak (8)]
  9409 | D:8      | Found a runed translucent door.
  9414 | D:8      | Noticed Scuka's ghost (novice DrFE)
  9464 | D:8      | Reached skill level 11 in Unarmed Combat
  9482 | D:8      | Found a basalt altar of Yredelemnul.
  9526 | D:8      | Found a staircase to the Lair.
  9564 | D:8      | Reached **** piety under Cheibriados
  9606 | D:8      | Found a burning altar of Makhleb.
  9606 | D:8      | Found a shimmering altar of Xom.
  9612 | D:8      | Reached skill level 8 in Transmutations
  9706 | D:8      | Found a hazy altar of Hepliaklqana.
  9751 | D:9      | Found a glowing golden altar of the Shining One.
  9783 | D:9      | Found a white marble altar of Elyvilon.
  9857 | D:9      | Noticed a two-headed ogre
  9860 | D:9      | Killed a two-headed ogre
  9860 | D:9      | Reached skill level 6 in Fighting
 10002 | D:9      | Noticed Harold
 10020 | D:9      | Killed Harold
 10020 | D:9      | Reached XP level 11. HP: 52/91 MP: 14/18
 10216 | D:9      | HP: 34/91 [ogre/+0 giant spiked club (26)]
 10217 | D:9      | Reached skill level 12 in Unarmed Combat
 10619 | D:9      | Found a hide-covered altar of Uskayaw.
 10658 | D:9      | Found a bloodstained altar of Trog.
 10768 | D:10     | Entered Level 10 of the Dungeon
 10848 | D:10     | Reached ***** piety under Cheibriados
 10877 | D:10     | Found a runed translucent door.
 10878 | D:10     | Found a runed translucent door.
 10896 | D:10     | Reached skill level 7 in Fighting
 10931 | D:10     | Noticed a soul eater
 10933 | D:10     | Noticed a soul eater
 10936 | D:10     | Reached skill level 9 in Transmutations
 10939 | D:10     | HP: 45/92 [gnoll/+0 spear (5)]
 10942 | D:10     | HP: 17/92 [hippogriff (7)]
 10944 | D:10     | HP: 7/92 [killer bee (3)]
 10976 | D:10     | HP: 36/92 [gnoll/+0 spear (6)]
 10982 | D:10     | HP: 33/92 [killer bee (1)]
 11484 | D:10     | HP: 41/92 [yak (16)]
 11487 | D:10     | HP: 14/92 [yak (13)]
 11489 | D:10     | HP: 3/92 [yak (11)]
 11494 | D:10     | HP: 16/92 [yak (9)]
 11941 | D:10     | Reached skill level 2 in Dodging
 12318 | Lair:1   | Entered Level 1 of the Lair of Beasts
 12666 | Lair:1   | Reached skill level 8 in Fighting
 12666 | Lair:1   | Reached skill level 13 in Unarmed Combat
 12683 | Lair:1   | HP: 47/94 [komodo dragon (26)]
 13164 | Lair:2   | Reached skill level 3 in Dodging
 13190 | Lair:2   | Noticed a catoblepas
 13205 | Lair:2   | HP: 31/94 [catoblepas (34)]
 13208 | Lair:2   | Slain by a catoblepas

Vanquished Creatures
  Harold (D:9)
  A hydra (D:8)
  A two-headed ogre (D:9)
  Pikel (D:7)
  A moth of wrath (D:9)
  A cyclops (D:6)
  A black mamba (Lair:1)
  2 komodo dragons
  2 kobold demonologists (D:10)
  A tengu conjurer (D:10)
  2 trolls
  Prince Ribbit (D:8)
  2 hippogriffs
  Sigmund (D:2)
  13 yaks
  3 basilisks
  A hungry ghost (D:8)
  6 water moccasins
  A porcupine (Lair:1)
  2 sky beasts
  A black bear (D:9)
  2 orc warriors
  An eye of draining (D:9)
  2 ice beasts
  6 ogres
  4 necrophages (D:7)
  2 centaurs
  2 crocodiles (Lair:1)
  9 bullfrogs
  3 gnoll sergeants
  3 scorpions
  4 killer bees (D:10)
  2 howler monkeys (D:8)
  3 vampire bats (D:2)
  8 crimson imps
  A quasit (D:4)
  A bullfrog zombie (D:9)
  A centaur zombie (D:7)
  4 orc priests
  4 gnoll shamans (D:7)
  9 hounds
  A jelly (D:5)
  5 orc wizards
  2 bullfrog skeletons
  2 centaur skeletons
  Jessica (D:2)
  2 iguanas
  Natasha (thrice) (D:2)
  18 worker ants
  13 gnolls
  19 adders
  A howler monkey skeleton (D:7)
  A shadow imp (D:10)
  An ooze (D:3)
  An adder skeleton (D:4)
  3 adder zombies
  3 worms
  2 dart slugs (D:1)
  4 leopard geckos
  30 orcs
  A bat skeleton (D:2)
  6 bat zombies (D:2)
  5 giant cockroaches
  14 goblins
  5 hobgoblins
  11 jackals
  5 quokkas
  2 ball pythons (D:3)
  7 bats
  2 frilled lizards
  11 kobolds
  A leopard gecko skeleton (D:6)
  A leopard gecko zombie (D:7)
  11 rats
  A bush (D:7)
  2 butterflies
313 creatures vanquished.

Vanquished Creatures (collateral kills)
  3 killer bees (D:10)
  An orc wizard (D:4)
  2 gnolls
6 creatures vanquished.

Vanquished Creatures (others)
  2 slaves (D:7)
  A gnoll sergeant (D:7)
  3 gnolls (D:7)
  A jackal (D:7)
  3 plants (D:7)
10 creatures vanquished.

Grand Total: 329 creatures vanquished

Table legend:
 A = Turns spent in this place as a percentage of turns spent in the entire game.
 B = Non-inter-level travel turns spent in this place as a percentage of non-inter-level travel turns spent in the entire game.
 C = Inter-level travel turns spent in this place as a percentage of turns spent in this place.
 D = Turns resting spent in this place as a percentage of non-inter-level travel turns spent in this place.
 E = Turns spent auto-exploring this place as a percentage of non-inter-level travel turns spent in this place.
 F = Non-inter-level travel turns spent in this place divided by the number of levels of this place that you've seen.
                   A       B       C       D       E      F
               +-------+-------+-------+-------+-------+----------------------
         Total | 100.0 | 100.0 |   4.5 |  40.3 |  42.6 | 970.4
       Dungeon |  92.8 |  92.7 |   4.6 |  41.4 |  41.3 | 1169.2
        Temple |   0.4 |   0.3 |  40.7 |   0.0 |  88.6 |  35.0
          Lair |   6.7 |   7.0 |   0.2 |  26.7 |  58.0 | 444.0
               +-------+-------+-------+-------+-------+----------------------
